 Dungeon Crawl Stone Soup version 0.31-a0-1576-ga3383ba (webtiles) character file.

Game seed: 6426114399139590895

74 blake the Digger (level 4, 0/25 HPs)
             Began as a Gargoyle Earth Elementalist on Jan 4, 2024.
             Killed by divine providence
             ... invoked by an orc priest
              (14 damage)
             ... on level 2 of the Dungeon.
             The game lasted 00:07:56 (1532 turns).

blake the Digger (Gargoyle Earth Elementalist)      Turns: 1532, Time: 00:07:56

Health: 0/25       AC:  5    Str: 11    XL:     4   Next: 30%
Magic:  3/7        EV: 12    Int: 18    God:
Gold:   77         SH:  0    Dex: 10    Spells: 4/8 levels left

rFire   . . .        j - +0 dagger (venom)
rCold   . . .        (no shield)
rNeg    + . .        a - +0 robe
rPois   ∞            (no helmet)
rElec   +            (no cloak)
rCorr   .            (no gloves)
SInv    .            (no boots)
Will    .....        (no amulet)
Stlth   ++           (no ring)
HPRegen 0.24/turn    (no ring)
MPRegen 0.10/turn

%: no passive effects
@: no status effects
A: sickness immunity, AC +3, negative energy resistance 1, electricity
resistance, torment resistance 1, petrification resistance
a: no special abilities


You were on level 2 of the Dungeon.
You visited 1 branch of the dungeon, and saw 3 of its levels.

You collected 77 gold pieces.

Inventory:

Hand Weapons
 e - a +0 short sword
 j - a +0 dagger of venom (weapon)
Armour
 a - a +0 robe (worn)
Wands
 k - a wand of quicksilver (4)
Scrolls
 c - a scroll of fog {unknown}
 d - 2 scrolls of fear {unknown}
 g - a scroll of identify {unknown}
 l - a scroll of torment {unknown}
 m - 2 scrolls of immolation {unknown}
 n - a scroll of enchant armour {unknown}
Potions
 b - a potion of magic
 f - a potion of enlightenment {unknown}
 h - a potion of might {unknown}
 i - a potion of cancellation {unknown}


   Skills:
 + Level 1.4 Fighting
 - Level 1.7 Dodging
 - Level 2.4 Stealth
 + Level 2.6 Spellcasting
 + Level 2.2 Conjurations
 + Level 4.2 Earth Magic


You had 4 spell levels left.
You knew the following spells:

 Your Spells              Type           Power      Damage    Failure   Level
a - Sandblast             Erth           34%        2d9       3%          1
b - Passwall              Erth           17%        N/A       9%          3

Your spell library contained the following spells:

 Spells                   Type           Power      Damage    Failure   Level
 Stone Arrow              Conj/Erth      28%        3d8       13%         3
 Hailstorm                Conj/Ice       6%         3d5       32%         3
 Brom's Barrelling Bould  Conj/Erth      14%        2d4       41%         4
 Summon Ice Beast         Ice/Summ       2%         N/A       45%         3
 Petrify                  Alch/Erth      10%        N/A       56%         4
 Sculpt Simulacrum        Ice/Alch       1%         N/A       100%        6


Dungeon Overview and Level Annotations

Branches:
Dungeon (3/15)

Altars:


Innate Abilities, Weirdness & Mutations

You are immune to sickness and miasma.
Your stone body is resilient. (AC +3)
You are immune to poison.
You resist negative energy. (rN+)
You are resistant to electric shocks. (rElec)
You are resistant to unholy torment.
You are immune to petrification.


Message History

Aiming: Sandblast (safe; 3% risk of failure)
Press: ? - help, Shift-Dir - straight line, f - orc priest
Aim: an orc priest, wielding a +0 hand axe and wearing a +0 ring mail (84% to hit)
The blast of sand misses the orc priest.
Casting: Sandblast (safe; 3% risk of failure)
Confirm with . or Enter, or press ? or * to list all spells.
Aiming: Sandblast (safe; 3% risk of failure)
Press: ? - help, Shift-Dir - straight line, f/p - orc priest
Aim: an orc priest, wielding a +0 hand axe and wearing a +0 ring mail (84% to hit)
The blast of sand hits the orc priest but does no damage.
The orc priest begins to cast a cantrip, but forgets the words!
You climb upwards.
There is a stone staircase leading down here.
Casting: Sandblast (safe; 3% risk of failure)
Confirm with . or Enter, or press ? or * to list all spells.
Aiming: Sandblast (safe; 3% risk of failure)
Press: ? - help, Shift-Dir - straight line, f - orc priest
Aim: an orc priest, wielding a +0 hand axe and wearing a +0 ring mail (84% to hit)
The blast of sand hits the orc priest.
The orc priest is lightly wounded.
The orc priest barely misses you.
Casting: Sandblast (safe; 3% risk of failure)
Confirm with . or Enter, or press ? or * to list all spells.
Aiming: Sandblast (safe; 3% risk of failure)
Press: ? - help, Shift-Dir - straight line, f/p - orc priest
Aim: an orc priest, wielding a +0 hand axe and wearing a +0 ring mail (lightly wounded, 84% to hit)
The blast of sand hits the orc priest!
The orc priest is almost dead.
The orc priest mumbles some strange prayers to Beogh against you.
Beogh smites you! The orc priest closely misses you.
Casting: Sandblast (safe; 3% risk of failure)
Confirm with . or Enter, or press ? or * to list all spells.
Aiming: Sandblast (safe; 3% risk of failure)
Press: ? - help, Shift-Dir - straight line, f/p - orc priest
Aim: an orc priest, wielding a +0 hand axe and wearing a +0 ring mail (almost dead, 84% to hit)
The blast of sand misses the orc priest.
The orc priest calls down the wrath of Beogh upon you.
Beogh smites you!
Ouch! That really hurt!
You die...

..†...#.###### #.....##.........
........#############..##>.......
.....................%...###.....
.............####.........##.###.
...§..######............>..).####
...§..## #...................##.
###§§P.####...###................
#§§§§§##..#...#..###...........
###§§§..§§.####o@.####.......####
.#.§§8§##### ##.................
.......<## #######.......#...
.........# #.......##..
.........# #.......##..
.........# ##......#...
.........# ##...#.#... .........#
##......## ........## #.....)#


You could see an orc priest.

Vanquished Creatures
  2 adders (D:2)
  2 adder skeletons (D:2)
  2 ribbon worms (D:2)
  3 dart slugs
  A ball python (D:2)
  2 bat skeletons (D:2)
  A bat zombie (D:2)
  3 endoplasms
  2 giant cockroaches (D:1)
  2 goblins (D:2)
  3 hobgoblins (D:1)
  2 jackals (D:1)
  A quokka (D:2)
  A ball python skeleton (D:2)
  A ball python zombie (D:2)
  A bat (D:2)
  3 frilled lizards
  5 kobolds
  A rat (D:2)
38 creatures vanquished.

Notes
Turn   | Place    | Note
-------+----------+-------------------------------------------
     0 | D:1      | blake the Gargoyle Earth Elementalist began the quest for
                  | the Orb.
     0 | D:1      | Reached XP level 1. HP: 10/10 MP: 3/3
    99 | D:1      | Reached XP level 2. HP: 15/15 MP: 1/5
   736 | D:1      | You fall into a shaft and drop 1 floor!
   876 | D:2      | Reached skill level 4 in Earth Magic
   876 | D:2      | Reached XP level 3. HP: 20/20 MP: 4/6
  1082 | D:2      | Reached skill level 1 in Fighting
  1086 | D:2      | Learned a level 3 spell: Passwall
  1279 | D:2      | Reached XP level 4. HP: 25/25 MP: 4/7
  1532 | D:2      | Killed from afar by an orc priest

Illustrated notes

Levels and vault maps discovered:
D:1:      saegor_arrival_simple_e, layout_loops_ring, kennysheep_doodads
D:2:      layout_rooms, serial_undead, serial_undead_a, serial_undead_e,
          serial_undead_c, serial_undead_e, serial_undead_e
D:3:      layout_loops_ring, elyvilon_altar_3, grunt_ministairs_2

Skill      XL: |  1  2  3 |
---------------+----------+-----
Earth Magic    | 4 |  4.2
Fighting       | 1 |  1.4
Conjurations   | 2 |  2.2
Dodging        | |  1.7
Stealth        | |  2.4
Spellcasting   | |  2.6

Action                     |  1- 3 |  4- 6 || total
---------------------------+-------+-------++-------
  Melee: Short sword       |    12 |       ||    12
         Unarmed           |     7 |       ||     7
         Dagger            |    11 |       ||    11
   Cast: Sandblast         |    42 |    11 ||    53
   Stab: Sleeping          |     3 |       ||     3
 Armour: Robe              |    34 |       ||    34
  Dodge: Dodged            |    28 |     2 ||    30

Table legend: (Time is in decaauts)
 A = Elapsed time spent in this place.
 B = Non-inter-level travel time spent in this place.
 C = Inter-level travel time spent in this place.
 D = Time resting spent in this place.
 E = Time spent auto-exploring this place.
 F = Levels seen in this place.
 G = Mean time per level.
                   A        B        C        D        E       F      G
               +--------+--------+--------+--------+--------+-----+--------+
         Total |   1558 |   1478 |     80 |     21 |   1195 |   3 |  519.3 |
       Dungeon |   1558 |   1478 |     80 |     21 |   1195 |   3 |  519.3 |
               +--------+--------+--------+--------+--------+-----+--------+

Top non-repeatable levels by time:
     D:1: 884 daAuts
     D:2: 669 daAuts
     D:3: 4 daAuts
